 Dungeon Crawl Stone Soup version 0.17-a0-2074-gaf3f87d (webtiles) character file.

53 Maka the Poker (level 3, 0/34 HPs)
             Began as a Naga Berserker on Oct 15, 2015.
             Was a Believer of Trog.
             Slain by a giant gecko (3 damage)
             ... on level 2 of the Dungeon.
             The game lasted 00:03:26 (1631 turns).

Maka the Poker (Naga Berserker)                     Turns: 1631, Time: 00:03:27

Health: 0/34       AC:  2    Str: 19    XL:     3   Next: 89%
Magic:  3/3        EV: 10    Int:  7    God:    Trog [**....]
Gold:   92         SH:  0    Dex: 11    Spells: 0 memorised, 2 levels left

rFire  . . .     SeeInvis +     a - +0 trident
rCold  . . .     Clarity  .     e - -1 robe (curse)
rNeg   . . .     SustAt   .     (no shield)
rPois  +         Gourm    .     (no helmet)
rElec  .         Spirit   .     i - +0 cloak
rCorr  .         Warding  .     (no gloves)
rMut   .         Stasis   .     (no barding)
MR     .....                    (no amulet)
Stlth  +.........               (no ring)
                                (no ring)

@: confused, very slow, not resistant to hostile enchantments, very unstealthy
A: see invisible, deformed body, poison resistance, slowness 2, slow metabolism
1, spit poison 2, AC +1
a: Spit Poison, Burn Spellbooks, Berserk, Trog's Hand, Renounce Religion


You were on level 2 of the Dungeon.
You worshipped Trog.
Trog was pleased with you.
You were not hungry.

You visited 1 branch of the dungeon, and saw 2 of its levels.

You collected 92 gold pieces.

Inventory:

Hand Weapons
 a - a +0 trident (weapon)
Armour
 e - a cursed -1 robe (worn)
 i - a +0 cloak (worn)
 j - a +0 leather armour
Scrolls
 b - 3 scrolls of identify
Potions
 d - a potion of haste {unknown}
Miscellaneous
 h - a plain deck of changes {drawn: 2}
Comestibles
 c - 2 bread rations
 f - a royal jelly
 g - 2 fruits
 k - 2 chunks of flesh


   Skills:
 - Level 3.0 Fighting
 + Level 4.6 Polearms
 - Level 1.5 Armour
 - Level 1.5 Dodging


You had 2 spell levels left.
You didn't know any spells.

Dungeon Overview and Level Annotations

Branches:
Dungeon (2/15)

Altars:
Nemelex Xobeh
Okawaru

Annotations:
D:2 Sigmund


Innate Abilities, Weirdness & Mutations

You cannot wear boots.
Your serpentine skin is tough (AC +1).
You have supernaturally acute eyesight.
Armour fits poorly on your strangely shaped body.
Your system is resistant to poisons.
You cover ground very slowly.
You have a slow metabolism.
You can spit poison.


Message History

The magic dart hits you!
You hit the bat.
You kill the bat!
Trog accepts your kill. Sigmund gestures at you while chanting.
You are confused.
You are too confused!
Sigmund points at you and mumbles some strange words.
You are more confused.
Sigmund says, "You will soon forget everything."
Sigmund gestures at you while chanting.
You are more confused.
The giant gecko bites you. The giant gecko barely misses you.
You hit the giant gecko.
The giant gecko is heavily wounded.
The giant gecko bites you.
Sigmund zaps a wand.
The puff of frost hits you!
Sigmund zaps a wand.
The puff of frost hits you!
* * * LOW HITPOINT WARNING * * *
The giant gecko bites you.
You die...

.# #...............#
.###...............# ##.# ###
..#...............# ...#
#..###.##..............#
#....##....#..##.@..>#.....#.#
..##..........#..###########.####
.....##..........# #.......#
#.##......#......## #<......#
....##...###...l@.## #.......#
#.#................# #.......#
###..#.).).#........# ........#
.###(##.._..##..##..###........#
#......#.).).#......## .........#
...#...............## #.#########
..####...###....#.... .. .##
##...#..)..#.... ..###
##........#.##.


You could see Sigmund and a giant gecko.

Vanquished Creatures
  2 adders (D:2)
  A worm (D:2)
  2 giant geckos
  A ball python (D:1)
  8 bats
  A goblin (D:1)
  4 hobgoblins
  3 jackals (D:1)
  4 kobolds
  3 giant newts
  A rat (D:1)
30 creatures vanquished.

Notes
Turn   | Place    | Note
--------------------------------------------------------------
     0 | D:1      | Maka the Naga Berserker began the quest for the Orb.
     0 | D:1      | Reached XP level 1. HP: 21/21 MP: 1/1
   428 | D:1      | Reached XP level 2. HP: 28/28 MP: 2/2
  1048 | D:1      | Found a sparkling altar of Nemelex Xobeh.
  1295 | D:2      | Reached skill level 4 in Polearms
  1345 | D:2      | Reached XP level 3. HP: 18/34 MP: 3/3
  1530 | D:2      | Reached ** piety under Trog
  1606 | D:2      | Found an iron altar of Okawaru.
  1621 | D:2      | Noticed Sigmund
  1631 | D:2      | Slain by a giant gecko

Vault maps used:
D:1:      dpeg_arrival_central, minivault_26, st_stairs_4, nemelex_deck
D:2:      okawaru_ov_weapons_minmay, uniq_jessica, uniq_robin, uniq_sigmund

Action                   || total
-------------------------++-------
Melee: Spear             ||    88
       Trident           ||    10
 Abil: Spit Poison       ||     2
Evoke: Deck              ||     2
  Use: Scroll            ||     3
  Eat: Chunk             ||     1
